 Dungeon Crawl Stone Soup version 0.21-a0-81-gc5150db (webtiles) character file.

146 Rrauwl the Ducker (level 5, -15/29 HPs)
             Began as a Deep Elf Ice Elementalist on June 23, 2017.
             Killed by divine providence
             ... invoked by an orc priest
              (16 damage)
             ... on level 3 of the Dungeon.
             The game lasted 00:07:55 (2127 turns).

Rrauwl the Ducker (Deep Elf Ice Elementalist)       Turns: 2127, Time: 00:07:55

Health: -15/29     AC:  2    Str:  6    XL:     5   Next: 7%
Magic:  13/14      EV: 15    Int: 20    God:
Gold:   56         SH:  0    Dex: 15    Spells: 8/13 levels left

rFire    . . .     SeeInvis .   p - +0 hunting sling
rCold    . . .     Gourm    .   (no shield)
rNeg     . . .     Faith    .   a - +0 robe
rPois    .         Spirit   .   (no helmet)
rElec    .         Reflect  .   (no cloak)
rCorr    .         Harm     .   (no gloves)
MR       .....                  (no boots)
Stlth    ++........             (no amulet)
HPRegen  0.09/turn              h - ring of flight
MPRegen  0.14/turn              (no ring)

@: no status effects
A: no striking features
a: Evoke Flight


You were on level 3 of the Dungeon.
You were not hungry.

You visited 1 branch of the dungeon, and saw 4 of its levels.
You also visited: Sewer.

You collected 56 gold pieces.

Inventory:

Hand Weapons
 p - a +0 hunting sling (weapon)
Missiles
 q - 75 stones (quivered)
Armour
 a - a +0 robe (worn)
Jewellery
 h - a ring of flight (left hand)
Scrolls
 e - a scroll of magic mapping {unknown}
 f - 5 scrolls of teleportation {unknown}
 i - 2 scrolls of enchant weapon {unknown}
 k - a scroll of recharging {unknown}
 l - a scroll of random uselessness {unknown}
 o - 2 scrolls of identify {unknown}
 r - a scroll of fear {unknown}
 u - a scroll of immolation {unknown}
Potions
 c - 3 potions of flight {unknown}
 d - a potion of agility {unknown}
 j - 2 potions of heal wounds {unknown}
 m - a potion of curing
 s - a potion of haste {unknown}
Books
 b - a book of Frost

   Spells                             Type                      Level
   a - Freeze                         Ice                          1
   b - Throw Frost                    Conjuration/Ice              2
   c - Ozocubu's Armour               Charms/Ice                   3
   d - Throw Icicle                   Conjuration/Ice              4
   e - Summon Ice Beast               Ice/Summoning                4
Comestibles
 g - a royal jelly
 n - 2 meat rations
 t - a chunk of flesh


   Skills:
 - Level 1.0 Fighting
 + Level 4.8 Dodging
 - Level 3.0 Stealth
 + Level 4.6 Spellcasting
   Level 1.1 Conjurations
 - Level 3.2 Ice Magic


You had 8 spell levels left.
You knew the following spells:

 Your Spells              Type           Power        Failure   Level  Hunger
a - Freeze                Ice            ###.         3%          1    None
b - Summon Ice Beast      Ice/Summ       ##......     52%         4    ####...


Dungeon Overview and Level Annotations

Branches:
Dungeon (4/15)
 Temple: D:4-7

Altars:
Dithmenos
Elyvilon
Nemelex Xobeh
Uskayaw


Message History

Press: ? - help, Shift-Dir - straight line, f/p - orc priest
Aim: an orc priest, wielding a mace (lightly wounded)
You shoot a stone.
The stone completely misses the orc priest.
The kobold throws a stone.
The stone hits you.
Casting: Freeze
Confirm with . or Enter, or press ? or * to list all spells.
Aiming: Freeze
Press: ? - help, Shift-Dir - straight line, f/p - orc priest
Aim: an orc priest, wielding a mace (lightly wounded)
You freeze the orc priest.
The orc priest is severely wounded.
The kobold throws a stone.
The stone hits you but does no damage.
The orc priest mumbles some strange prayers to Beogh against you.
Beogh smites you!
* * * LOW HITPOINT WARNING * * *
The orc priest invokes the aid of Beogh against you.
Beogh smites you!
Ouch! That really hurt!
You die...

.(. ..
#+# #.
#.#
###o##.#
#....#.#
#...K#.#
#....o.#
#o@#####
#......#
#.>....#
##.....#
#.....#
#.....#
#.....#
#.....#
#######


You could see 2 orc priests, an orc and a kobold.

Vanquished Creatures
  A big kobold (Sewer)
  A gnoll (D:2)
  2 river rats (Sewer)
  An ooze (D:1)
  2 worms
  2 dart slugs (D:1)
  A ball python (D:1)
  3 bats (D:1)
  A giant cockroach (D:4)
  5 goblins (D:1)
  A hobgoblin (D:1)
  A jackal (Sewer)
  A quokka (D:4)
  2 frilled lizards (D:1)
  7 kobolds
  6 rats
37 creatures vanquished.

Notes
Turn   | Place    | Note
-------+----------+-------------------------------------------
     0 | D:1      | Rrauwl the Deep Elf Ice Elementalist began the quest for the Orb.
     0 | D:1      | Reached XP level 1. HP: 10/10 MP: 6/6
     6 | D:1      | Noticed an electric eel
   393 | D:1      | Reached XP level 2. HP: 7/15 MP: 4/8
   989 | D:1      | Reached XP level 3. HP: 18/20 MP: 6/9
  1055 | D:1      | Reached skill level 1 in Fighting
  1276 | D:2      | Found a hide-covered altar of Uskayaw.
  1276 | D:2      | Found a sparkling altar of Nemelex Xobeh.
  1277 | D:2      | Found a white marble altar of Elyvilon.
  1360 | D:2      | You fall through a shaft for 2 floors!
  1360 | D:4      | Found a glowing drain.
  1407 | Sewer    | Entered a sewer
  1421 | Sewer    | Reached XP level 4. HP: 8/25 MP: 3/11
  1684 | Sewer    | Noticed a big kobold
  1709 | Sewer    | Killed a big kobold
  1709 | Sewer    | Reached XP level 5. HP: 11/29 MP: 2/14
  1937 | Sewer    | Learned a level 4 spell: Summon Ice Beast
  1949 | Sewer    | Found a white marble altar of Elyvilon.
  2087 | D:4      | Found a shadowy altar of Dithmenos.
  2126 | D:3      | HP: 1/29 [orc priest/divine providence (11)]
  2127 | D:3      | Killed from afar by an orc priest

Vault maps used:
D:1:      arrival_aquarium_a
D:2:      gammafunk_temple_overflow_forgotten, minmay_item_behind_shaft,
          tgw_kikubaaqudgha
D:3:      uniq_grinder
D:4:      serial_shops, nicolae_shop_stone, cheibrodos_sewer_entry_bend,
          nrook_loot_triangle, nicolae_dithmenos_through_a_glass_darkly
Sewer:    sewer_kobolds

Skill      XL: |  1  2  3  4 |
---------------+-------------+-----
Dodging        | 3 4 |  4.8
Stealth        | 3 |  3.0
Fighting       | 1 |  1.0
Spellcasting   | 4 |  4.6
Conjurations   | |  1.1
Ice Magic      | |  3.2

Action                   |  1- 3 |  4- 6 || total
-------------------------+-------+-------++-------
Melee: Unarmed           |     7 |       ||     7
 Fire: Hunting sling     |     3 |    22 ||    25
 Cast: Freeze            |    49 |    15 ||    64
 Abil: Evoke Flight      |       |     1 ||     1
  Use: Potion            |     1 |       ||     1
  Eat: Chunk             |     1 |     1 ||     2
       Bread ration      |       |     1 ||     1
Armor: Robe              |     4 |       ||     4
Dodge: Dodged            |    28 |     6 ||    34
